Map: Abyssal Reef LE

Players

SamuraiFunn - Winner!

  • Race: Protoss Protoss
  • League: Platinum
  • Spawn Location: 5:00

A.I. 1 (Harder)

  • Race: Zerg Zerg
  • Spawn Location: 11:00

VOD

Have the link to the VOD?

Description

Time

  • Played on: Nov. 27, 2017, 10:51 p.m.
  • Length: 8:24
Show
View Real Time Build Order
Export as new Build Order

SamuraiFunn Protoss - Winner!

Build Orders: Dark Templar Rush 

Get SALT Encoding   

  12  0:03  Probe  
  13  0:15  Probe  
  13  0:20  Pylon  
  14  0:27  Probe  
  15  0:39  Probe  
  15  0:42  Gateway  
  16  0:49  Assimilator  
  16  0:51  Probe  
  17  1:00  Assimilator  
  17  1:03  Probe  
  18  1:15  Probe  
  19  1:27  Probe  
  19  1:30  Cybernetics Core  
  21  1:40  Probe  
  21  1:52  Probe  
  22  2:03  Nexus  
  22  2:04  Probe  
  22  2:05  Pylon  
  23  2:16  Warp Gate (Chrono Boost)  
  23  2:23  Probe  
  23  2:26  Twilight Council  
  24  2:35  Probe  
  25  2:37  Gateway  
  25  2:47  Probe  
  26  2:54  Gateway  
  26  2:57  Gateway  
  26  3:13  Dark Shrine  
  26  3:26  Probe  
  27  3:30  Assimilator  
  27  3:34  Assimilator  
  27  3:37  Probe  
  28  3:42  Probe  
  29  3:48  Pylon  
  29  3:49  Probe  
  29  3:54  Probe  
  31  4:01  Probe  
  32  4:06  Probe  
  33  4:13  Probe  
  34  4:18  Probe  
  35  4:29  Probe  
  35  4:30  Probe, Pylon  
  37  4:35  Dark Templar x4  
  45  4:41  Probe  
  45  4:42  Probe  
  47  5:20  Pylon  
  47  5:32  Pylon  
  47  5:34  Pylon  
  46  5:37  Pylon  
  46  5:38  Pylon  
  46  5:45  Pylon  
  46  5:54  Dark Templar  
  46  5:55  Dark Templar  
  46  5:56  Dark Templar  
  46  5:57  Dark Templar  
  50  6:33  Dark Templar x3  
  50  6:34  Dark Templar  
  50  6:40  Dark Templar x2  
  50  6:41  Dark Templar x2  
  54  7:12  Nexus  
  54  7:16  Pylon  
  54  7:18  Pylon  
  54  7:20  Pylon  
  54  7:22  Assimilator  
  54  7:25  Assimilator  
  54  7:29  Pylon  
  54  8:00  Dark Templar x4  
Show
View Real Time Build Order
Export as new Build Order

A.I. 1 (Harder) Zerg 

Build Orders: Pool Only 

Get SALT Encoding   

  12  0:01  Drone  
  13  0:12  Overlord  
  13  0:17  Drone  
  14  0:30  Drone x2  
  16  0:43  Spawning Pool  
  16  0:45  Drone  
  16  0:50  Drone  
  16  0:53  Extractor  
  16  0:55  Drone  
  17  1:06  Overlord  
  17  1:31  Zergling x2, Queen  
  20  1:34  Zergling x2  
  20  1:37  Roach Warren  
  20  1:38  Drone  
  21  1:49  Drone  
  22  1:59  Overlord  
  22  2:10  Drone  
  23  2:21  Roach  
  25  2:32  Drone  
  25  2:33  Extractor  
  25  2:38  Roach, Overlord  
  25  2:41  Roach  
  25  2:43  Drone  
  30  2:54  Drone  
  30  2:55  Baneling Nest  
  30  3:03  Evolution Chamber  
  30  3:05  Drone  
  30  3:10  Drone, Roach  
  30  3:11  Drone  
  34  3:16  Drone  
  35  3:27  Drone  
  36  3:38  Overlord  
  36  3:42  Drone x2, Roach  
  40  3:50  Roach  
  42  4:09  Lair  
  42  4:13  Zerg Melee Weapons Level 1  
  42  4:14  Ravager  
  43  4:53  Spore Crawler  
  43  4:54  Drone  
  43  5:01  Drone, Spore Crawler  
  43  5:06  Queen  
  43  5:08  Hydralisk Den  
  43  5:09  Drone x2  
  43  5:10  Drone x3  
  43  5:11  Overseer, Drone  
  39  5:18  Drone  
  17  5:35  Drone x2  
  16  5:38  Hydralisk  
  18  5:45  Drone  
  17  5:56  Drone  
Tags
 
Add a new tag
Caveats
  • Supply blocks, unpowered buildings, or Contaminate may cause inaccurate times.
  • Supply counts are checked every 10 seconds.